 Dungeon Crawl Stone Soup version 0.31.0-9-g3a7656b989 (webtiles) character file.

Game seed: 13249974220927954567

114 Vraska the Sneak (level 4, -1/30 HPs)
             Began as a Vampire Enchanter on Jan 24, 2024.
             Slain by a gnoll
             ... wielding a +0 spear
              (7 damage)
             ... on level 3 of the Dungeon.
             The game lasted 00:03:47 (1773 turns).

Vraska the Sneak (Vampire Enchanter)                Turns: 1773, Time: 00:03:47

Health: -1/30      AC:  2    Str:  7    XL:     4   Next: 67%
Magic:  1/7        EV: 12    Int: 17    God:
Gold:   124        SH:  0    Dex: 16    Spells: 2/7 levels left

rFire   . . .        a - +1 dagger
rCold   . . .        (no shield)
rNeg    . . .        b - +0 robe
rPois   .            (no helmet)
rElec   .            (no cloak)
rCorr   .            (no gloves)
SInv    +            (no boots)
Will    .....        (no amulet)
Stlth   +++          (no ring)
HPRegen 0.45/turn    (no ring)
MPRegen 0.10/turn

%: no passive effects
@: healing quickly
A: alive, fangs 3, see invisible, vampiric 2
a: Exsanguinate


You were on level 3 of the Dungeon.
You visited 1 branch of the dungeon, and saw 3 of its levels.

You collected 124 gold pieces.

Inventory:

Hand Weapons
 a - a +1 dagger (weapon)
Armour
 b - a +0 robe (worn)
Jewellery
 P - a ring of poison resistance
Scrolls
 d - 4 scrolls of identify {unknown}
 e - a scroll of amnesia {unknown}
 h - 2 scrolls of teleportation {unknown}
 i - a scroll of vulnerability {unknown}
 j - a scroll of summoning {unknown}
 k - a scroll of enchant armour {unknown}
Potions
 c - a potion of invisibility
 f - a potion of magic {unknown}
 g - 2 potions of mutation {unknown}


   Skills:
 + Level 3.6 Short Blades
 - Level 2.1 Dodging
 + Level 6.7 Stealth
 - Level 2.0 Spellcasting
 - Level 4.4 Hexes


You had 2 spell levels left.
You knew the following spells:

 Your Spells              Type           Power      Damage    Failure   Level
c - Confusing Touch       Hex            16%        N/A       10%         3
e - Ensorcelled Hibernat  Hex/Ice        18%        N/A       12%         2

Your spell library contained the following spells:

 Spells                   Type           Power      Damage    Failure   Level
 Tukima's Dance           Hex            16%        N/A       10%         3
 Dazzling Flash           Conj/Hex       18%        N/A       24%         3


Dungeon Overview and Level Annotations

Branches:
Dungeon (3/15) Zot: 16247

Altars:
Xom

Shops:
D:1 ?   D:2 *!([=


Innate Abilities, Weirdness & Mutations

Your natural rate of healing is accelerated.
You have razor-sharp teeth.
You have supernaturally acute eyesight. (SInv)
You are afflicted with vampirism and can become a bat while bloodless.


Message History

The kobold is heavily wounded.
The gnoll hits you from afar with a +0 spear!
The kobold barely misses you. The hound barely misses you.
You take 10 damage, and have 12/30 hp.
The gnoll attacks as it pursues you!
The gnoll hits you from afar with a +0 spear.
The hound attacks as it pursues you! The hound closely misses you.
The hound bites you but does no damage. The hound barely misses you.
Casting: Ensorcelled Hibernation (safe; 12% risk of failure)
Confirm with . or Enter, or press ? or * to list all spells.
Aiming: Ensorcelled Hibernation (safe; 12% risk of failure)
Press: ? - help, Shift-Dir - straight line, f - hound
Aim: a hound (chance to affect: 51%)
The hound resists with significant effort.
The hound closely misses you.
Casting: Ensorcelled Hibernation (safe; 12% risk of failure)
Confirm with . or Enter, or press ? or * to list all spells.
Aiming: Ensorcelled Hibernation (safe; 12% risk of failure)
Press: ? - help, Shift-Dir - straight line, f/p - hound
Aim: a hound (chance to affect: 51%)
The hound resists with significant effort.
The hound bites you but does no damage.
The gnoll hits you from afar with a +0 spear.
The hound barely misses you.
You take 3 damage, and have 11/30 hp.
Casting: Ensorcelled Hibernation (safe; 12% risk of failure)
Confirm with . or Enter, or press ? or * to list all spells.
Aiming: Ensorcelled Hibernation (safe; 12% risk of failure)
Press: ? - help, Shift-Dir - straight line, f/p - hound
Aim: a hound (chance to affect: 51%)
The hound looks drowsy...
The gnoll hits you from afar with a +0 spear.
* * * LOW HITPOINT WARNING * * *
You take 5 damage, and have 6/30 hp.
The helpless hound fails to defend itself.
You skewer the hound like a kebab!!!
You kill the hound!
The gnoll hits you from afar with a +0 spear!
You die...

#....................####..
####........)########.###
#.. (.............#
#########. ..8#..........#
##....#. #####......#
###.....#. #......+
P_......'. ####...#
###.....## ###.# ##....#
#@## ###### ###g#####
#..g....# #....K#....
#.....# #. #####g#
.........!.# ......g###g..#
######. ....


You could see 3 gnolls and a kobold.

Vanquished Creatures
  A hound (D:3)
  Robin (D:2)
  3 adders
  3 dart slugs (D:1)
  3 ribbon worms (D:2)
  5 ball pythons
  4 bats
  An endoplasm (D:3)
  3 giant cockroaches
  14 goblins
  6 hobgoblins
  5 kobolds
  2 quokkas
  7 frilled lizards
  4 rats
62 creatures vanquished.

Notes
Turn   | Place    | Note
-------+----------+-------------------------------------------
     0 | D:1      | Vraska the Vampire Enchanter began the quest for the Orb.
     0 | D:1      | Reached XP level 1. HP: 13/13 MP: 3/3
   176 | D:1      | Reached XP level 2. HP: 18/19 MP: 5/5
   183 | D:1      | Reached skill level 5 in Stealth
   264 | D:1      | Found Ibbur's Magic Scroll Shop.
   434 | D:1      | Gained mutation: You are afflicted with vampirism and can
                  | become a bat while bloodless. [Vampire growth]
   434 | D:1      | Reached XP level 3. HP: 24/24 MP: 6/6
   710 | D:1      | Learned a level 2 spell: Ensorcelled Hibernation
   714 | D:1      | Learned a level 3 spell: Confusing Touch
   726 | D:2      | Found Teguut's General Store.
   773 | D:2      | Found Ufocah's Weapon Emporium.
   782 | D:2      | Found Fempeuci's Antique Armour Shoppe.
   990 | D:2      | Noticed Robin
  1043 | D:2      | Reached skill level 6 in Stealth
  1157 | D:2      | Found a shimmering altar of Xom.
  1158 | D:2      | Found Tyduvvuch's Distillery.
  1176 | D:2      | Reached XP level 4. HP: 30/30 MP: 7/7
  1250 | D:2      | Killed Robin
  1466 | D:2      | Found Jaymeblitt's Jewellery Shoppe.
  1702 | D:3      | Found a faded altar of an unknown god.
  1773 | D:3      | Slain by a gnoll

Illustrated notes

Levels and vault maps discovered:
D:1:      minmay_arrival_checkered_box, layout_loops_ring, serial_shops,
          nicolae_square_shop, item_on_display_a
D:2:      layout_basic, serial_shops, shop, nicolae_shop_industrial_runoff,
          shop, nicolae_shop_hallway_stairs, nicolae_shop_gibbet_a_chance,
          basic_altar, wander_ebering_terrifying_dragon_lair, uniq_robin
D:3:      layout_rooms, nicolae_qazlal_general_emergency, dk_yredelemnul_ordeal,
          nicolae_overflow_ecumenical_swirl, lightli_sewer_entry_pipes,
          shapermc_ecumenical_altar_flowoftime

Skill      XL: |  1  2  3 |
---------------+----------+-----
Stealth        | 5 6 |  6.7
Short Blades   | 2 3 |  3.6
Dodging        | |  2.1
Spellcasting   | |  2.0
Hexes          | |  4.4

Action                     |  1- 3 |  4- 6 || total
---------------------------+-------+-------++-------
  Melee: Dagger            |   114 |    61 ||   175
         Bite              |     5 |     3 ||     8
         Punch             |     1 |       ||     1
   Cast: Ensorcelled Hiber |     6 |    10 ||    16
    Use: Potion            |     1 |       ||     1
   Stab: Sleeping          |    20 |     7 ||    27
         Invisible         |     1 |       ||     1
 Armour: Robe              |    73 |    34 ||   107
  Dodge: Dodged            |    71 |    48 ||   119
